 Dungeon Crawl Stone Soup version 0.25-a0-50-gf0389da217 (webtiles) character file.

Game seed: 10241659192501603798, levelgen mode: deterministic

310 Briareos the Firebug (level 6, 0/45 HPs)
             Began as a Draconian Fire Elementalist on Oct 23, 2019.
             Succumbed to an orc wizard's poison
             ... on level 4 of the Dungeon on Oct 24, 2019.
             The game lasted 00:24:14 (3211 turns).

Briareos the Firebug (Draconian Fire Elementalist)  Turns: 3211, Time: 00:24:14

Health: 0/45       AC:  9    Str: 12    XL:     6   Next: 17%
Magic:  2/10       EV: 12    Int: 16    God:
Gold:   166        SH:  0    Dex: 11    Spells: 0/10 levels left

rFire    + . .     SeeInvis .   x - -3 falchion (curse)
rCold    x . .     Gourm    .   (no shield)
rNeg     . . .     Faith    .   (armour unavailable)
rPois    .         Spirit   .   (helmet restricted)
rElec    .         Reflect  .   r - +2 cloak
rCorr    .         Harm     .   (no gloves)
MR       +....                  (no boots)
Stlth    ++........             (no amulet)
HPRegen  0.15/turn              c - ring of protection from magic
MPRegen  0.12/turn              l - ring of fire

@: lethally poisoned (0 -> -4)
A: unfitting armour, cold-blooded, AC +6
a: no special abilities


You were on level 4 of the Dungeon.
You were not hungry.

You visited 1 branch of the dungeon, and saw 4 of its levels.

You collected 166 gold pieces.

Inventory:

Hand Weapons
 a - a +2 spear of freezing
 d - a +0 dagger
 h - a +0 dagger
 j - a +1 trident of venom
 q - a +0 long sword
 s - a +0 rapier
 u - a +0 hunting sling
 x - a cursed -3 falchion (weapon)
 y - a +0 short sword
 z - a +0 mace
Missiles
 m - 129 stones (quivered)
 n - 41 bolts
 o - 16 poisoned darts
 D - 3 boomerangs
Armour
 i - a +0 robe
 p - a +0 robe
 r - a +2 cloak (worn)
 t - a +0 leather armour
Jewellery
 c - a ring of protection from magic (left hand)
 k - a cursed ring of teleportation
 l - a ring of fire (right hand)
 w - an uncursed ring of see invisible
Scrolls
 e - 3 scrolls of remove curse
 f - a scroll of amnesia
 A - 2 scrolls of teleportation
Potions
 g - a potion of haste
 v - a potion of agility
Comestibles
 b - 8 rations
 C - 2 chunks of flesh


   Skills:
 + Level 0.3 Fighting
 + Level 3.0 Polearms
 + Level 2.0 Dodging
 + Level 2.8 Stealth
 + Level 2.9 Spellcasting
 + Level 3.0 Conjurations
 + Level 3.9 Fire Magic


You couldn't memorise any spells.
You knew the following spells:

 Your Spells              Type           Power        Failure   Level  Hunger
a - Flame Tongue          Conj/Fire      ###..        4%          1    #......
b - Throw Flame           Conj/Fire      ###...       7%          2    ##.....
c - Conjure Flame         Conj/Fire      ###.....     14%         3    ###....
d - Sticky Flame          Conj/Fire      ###.....     41%         4    #####..

Your spell library contained the following spells:

 Spells                   Type           Power        Failure   Level  Hunger
 Inner Flame              Hex/Fire       ##......     26%         3    ###....
 Fireball                 Conj/Fire      ###.......   77%         5    ######.


Dungeon Overview and Level Annotations

Branches:
Dungeon (4/15)
 Temple: D:4-7

Altars:
Zin


Innate Abilities, Weirdness & Mutations

Your plain brown scales are hard. (AC +6)
You cannot fit into any form of body armour.
You are cold-blooded and may be slowed by cold attacks.


Message History

You feel sick.
Your +2 spear of freezing stops glowing.
It sticks to your hand!
x - a cursed -3 falchion (weapon)
* * * LOW HITPOINT WARNING * * *
You feel sick.
There is a lethal amount of poison in your body!
* * * LOW HITPOINT WARNING * * *
You feel sick.
* * * LOW HITPOINT WARNING * * *
You feel sick.
* * * LOW HITPOINT WARNING * * *
You feel sick.
* * * LOW HITPOINT WARNING * * *
You feel sick.
* * * LOW HITPOINT WARNING * * *
You feel sick.
* * * LOW HITPOINT WARNING * * *
You feel sick.
You die...

#############...### #.###
#.....#
#....########..###############
##...................<.......
#.#....############.#....####
##.###.....####### #.#.####
#...##...#.......###..)##
#...###................###
#.....#####.@##..........####
#####.#.#..#
#..###########....#
......#....####..## ####..
......#...........## ###
.........##...###..#
..>...##.####...##.# ####
.......#.####....#.# #...
.................[.# #...
......##..#####....#### #...


There were no monsters in sight!

Vanquished Creatures
  An orc priest (D:4)
  2 orc wizards (D:4)
  Natasha (thrice) (D:4)
  A worker ant (D:3)
  A hound skeleton (D:4)
  4 adders
  An adder skeleton (D:4)
  An adder zombie (D:4)
  A worm (D:3)
  A dart slug (D:1)
  3 leopard geckos
  6 orcs
  8 bats
  4 giant cockroaches
  6 goblins
  5 hobgoblins
  A jackal (D:2)
  3 ball pythons
  2 frilled lizards
  6 kobolds
  5 rats
65 creatures vanquished.

Notes
Turn   | Place    | Note
-------+----------+-------------------------------------------
     0 | D:1      | Briareos the Draconian Fire Elementalist began the quest
                  | for the Orb.
     0 | D:1      | Reached XP level 1. HP: 14/14 MP: 3/3
   207 | D:1      | Reached XP level 2. HP: 19/20 MP: 5/5
  1078 | D:2      | Upgraded the game from 0.25-a0-42-g6c54e25894 to
                  | 0.25-a0-50-gf0389da217
  1336 | D:2      | Reached XP level 3. HP: 26/26 MP: 3/6
  1340 | D:2      | Learned a level 2 spell: Throw Flame
  1344 | D:2      | Learned a level 3 spell: Conjure Flame
  1881 | D:3      | Reached skill level 1 in Polearms
  2081 | D:3      | Reached XP level 4. HP: 22/33 MP: 0/7
  2686 | D:4      | Found a glowing silver altar of Zin.
  2735 | D:4      | Reached XP level 5. HP: 38/38 MP: 1/8
  2843 | D:4      | Noticed Natasha
  2859 | D:4      | Killed Natasha
  2872 | D:4      | Noticed Natasha
  2892 | D:4      | Killed Natasha
  3073 | D:4      | Noticed Natasha
  3080 | D:4      | Killed Natasha
  3080 | D:4      | Reached XP level 6. HP: 45/45 MP: 4/10
  3097 | D:4      | Learned a level 4 spell: Sticky Flame
  3206 | D:4      | HP: 2/45 [poisoned by an orc wizard]
  3211 | D:4      | Succumbed to an orc wizard's poison

Levels and vault maps discovered:
D:1:      scummos_arrival_gate, layout_basic, serial_forest,
          infiniplex_forest_corner_2, infiniplex_forest_end_1,
          infiniplex_forest_clump_medium, infiniplex_forest_clump_medium,
          infiniplex_forest_zigzag_1
D:2:      layout_loops_ring, kennysheep_generic_room_14
D:3:      cheibrodos_old_hovel, layout_rooms, minmay_close_crescents
D:4:      layout_rooms, lemuel_coloured_pillars_altar, first_ration,
          uniq_natasha

Skill      XL: |  1  2  3  4  5  6 |
---------------+-------------------+-----
Stealth        | 2 |  2.8
Polearms       | 2 3 |  3.0
Dodging        | 2 |  2.0
Conjurations   | 2 3 |  3.0
Fighting       | |  0.3
Spellcasting   | |  2.9
Fire Magic     | |  3.9

Action                   |  1- 3 |  4- 6 || total
-------------------------+-------+-------++-------
Melee: Spear             |    84 |    17 ||   101
       Unarmed           |     2 |       ||     2
       Tailslap          |     4 |     1 ||     5
Throw: Stone             |     1 |       ||     1
 Cast: Flame Tongue      |    11 |    65 ||    76
       Throw Flame       |     7 |     2 ||     9
       Conjure Flame     |     3 |     2 ||     5
  Use: Scroll            |     6 |     4 ||    10
       Potion            |       |     4 ||     4
 Stab: Sleeping          |     3 |       ||     3
  Eat: Chunk             |     1 |     5 ||     6
       Ration            |     1 |       ||     1
Armor: Skin              |    20 |    20 ||    40
Dodge: Dodged            |    46 |    32 ||    78

Table legend:
 A = Non-vault XP
 B = Vault XP
 C = Vault XP percentage of total XP
 D = Non-vault monster count
 E = Vault monster count
 F = Vault count percentage of total count
                 A         B        C        D         E       F
            +---------+---------+-------+---------+---------+-------
      Total |     398 |      45 |  10.2 |      59 |       6 |   9.2
            +---------+---------+-------+---------+---------+-------
        D:1 |      32 |       0 |   0.0 |      18 |       0 |   0.0
        D:2 |      15 |       2 |  11.8 |       9 |       1 |  10.0
        D:3 |     105 |       8 |   7.1 |      17 |       4 |  19.0
        D:4 |     246 |      35 |  12.5 |      15 |       1 |   6.2
            +---------+---------+-------+---------+---------+-------
